 Dungeon Crawl Stone Soup version 0.30-a0-1123-gabc949cf19 (webtiles) character file.

Game seed: 14461285918494587452

110 LobsterGuardian the Poker (level 4, 0/35 HPs)
             Began as a Demonspawn Monk on Apr 23, 2023.
             Slain by a jelly (1 damage)
             ... on level 4 of the Dungeon.
             The game lasted 00:05:20 (2725 turns).

LobsterGuardian the Poker (Demonspawn Monk)         Turns: 2725, Time: 00:05:21

Health: 0/35       AC: -14   Str: 13    XL:     4   Next: 61%
Magic:  4/4        EV: 13    Int: 10    God:
Gold:   169        SH:  0    Dex: 19    Spells: 3/3 levels left

rFire   + . .        a - +0 spear
rCold   . . .        d - orb {light}
rNeg    + . .        b - +0 robe
rPois   .            (helmet restricted)
rElec   .            (no cloak)
rCorr   .            (no gloves)
SInv    .            (no boots)
Will    .....        o - amulet of magic regeneration
Stlth   +            f - ring of positive energy
HPRegen 0.25/turn    (no ring)
MPRegen 0.49/turn

%: no passive effects
@: corroded, glowing
A: ignite blood 1, sturdy frame 1, horns 1, agile 1, fire resistance 1
a: no special abilities


You were on level 4 of the Dungeon.
You visited 1 branch of the dungeon, and saw 4 of its levels.

You collected 169 gold pieces.

Inventory:

Hand Weapons
 a - a +0 spear (weapon)
Armour
 b - a +0 robe (worn)
 d - an orb of light (worn)
Jewellery
 f - a ring of positive energy (left hand)
 o - an amulet of magic regeneration (around neck)
Wands
 p - a wand of flame (14)
 s - a wand of charming (4)
Scrolls
 c - 3 scrolls of identify
 g - 2 scrolls of teleportation
 h - 4 scrolls of noise
 i - a scroll of vulnerability {unknown}
 k - a scroll of amnesia {unknown}
 m - a scroll of magic mapping {unknown}
 q - a scroll of brand weapon {unknown}
 t - a scroll of fear {unknown}
Potions
 e - 2 potions of brilliance {unknown}
 j - 3 potions of might {unknown}
 l - 2 potions of degeneration {unknown}
 n - a potion of curing {unknown}
 r - a potion of flight {unknown}
 u - a potion of lignification
 w - a potion of ambrosia


   Skills:
 - Level 3.0 Fighting
 * Level 5.0 Polearms
 - Level 2.6 Dodging


You had 3 spell levels left.
You didn't know any spells.
Your spell library contained the following spells:

 Spells                   Type           Power      Damage    Failure   Level
 Portal Projectile        Hex/Tloc       0%         N/A       75%         3
 Tukima's Dance           Hex            0%         N/A       75%         3
 Cause Fear               Hex            0%         N/A       98%         4
 Blade Hands              Tmut           0%         N/A       100%        5
 Dragon Form              Tmut           0%         N/A       100%        7
 Dragon's Call            Summ           0%         N/A       100%        9


Dungeon Overview and Level Annotations

Branches:
Dungeon (4/15)
 Temple: D:4-7

Altars:
Okawaru
Sif Muna
Wu Jian


Innate Abilities, Weirdness & Mutations

Your demonic aura sometimes causes spilled blood to erupt in flames.
Your movements are slightly less encumbered by armour. (ER -2)
You have a pair of small horns on your head.
You are agile. (Dex +4, Str/Int -1)
Your flesh is heat resistant. (rF+)


Message History

No reachable target in view!
No reachable target in view!
No reachable target in view!
You reach to attack!
You hit the endoplasm.
The endoplasm is severely wounded.
You reach to attack!
You hit the endoplasm.
You kill the endoplasm!
Your Polearms skill increases to level 5!
You pick up a book of the Dragon and begin reading...
You add the spells Cause Fear, Dragon Form and Dragon's Call to your library.
c - 2 scrolls of identify (gained 1)
Found an iron altar of Okawaru.
Found an ornate altar of the Wu Jian Council.
c - 3 scrolls of identify (gained 1)
You now have 169 gold pieces (gained 9).
s - a wand of charming (4)
A jelly comes into view.
Found 5 stones.
The jelly quivers.
You hit the jelly. The acid corrodes you!
Your hands burn!
You headbutt the jelly, but do no damage.
The jelly is lightly wounded.
You hit the jelly but do no damage. The acid corrodes you!
Your hands burn!
The jelly is lightly wounded.
The jelly barely misses you.
You hit the jelly.
Your hands burn!
You headbutt the jelly, but do no damage.
The jelly is moderately wounded.
The jelly hits you. The acid corrodes you!
You are splashed with acid.
You are too injured to fight recklessly!
You are too injured to fight recklessly!
You hit the jelly but do no damage.
Your hands burn!
You headbutt the jelly, but do no damage.
The jelly is moderately wounded.
The jelly hits you.
* * * LOW HITPOINT WARNING * * *
The acid corrodes you!
You are splashed with acid!
* * * LOW HITPOINT WARNING * * *
The jelly attacks as you move away! The jelly hits you.
You die...

#
≈.......≈≈≈≈≈≈≈..#
≈≈≈≈≈≈≈≈.........#
##.###..#..#.....#
#....##.#####
#..#####.# # #.
#.## . .. #..# .
#. ##.# . #@#
#...J.# .........
########.# .# .#
.( #... .. ....


You could see a jelly.

Vanquished Creatures
  An iguana (D:4)
  3 adders
  2 orcs (D:3)
  5 ball pythons
  6 bats
  9 endoplasms
  3 giant cockroaches
  3 goblins
  4 hobgoblins
  3 jackals (D:2)
  5 kobolds
  3 quokkas
  A frilled lizard (D:1)
  2 rats (D:3)
50 creatures vanquished.

Notes
Turn   | Place    | Note
-------+----------+-------------------------------------------
     0 | D:1      | LobsterGuardian the Demonspawn Monk began the quest for the
                  | Orb.
     0 | D:1      | Reached XP level 1. HP: 18/18 MP: 1/1
   121 | D:1      | Reached skill level 3 in Polearms
   236 | D:1      | Gained mutation: Your movements are slightly less
                  | encumbered by armour. (ER -2) [demonic ancestry]
   236 | D:1      | Reached XP level 2. HP: 22/24 MP: 2/2
   402 | D:1      | Found a faded altar of an unknown god.
   974 | D:2      | Reached XP level 3. HP: 29/29 MP: 3/3
  1091 | D:2      | Reached skill level 4 in Polearms
  1447 | D:2      | Identified the +0 robe of Dyehunadobb {rC++}
  2248 | D:3      | Found a shimmering blue altar of Sif Muna.
  2323 | D:3      | Gained mutation: You are agile. (Dex +4, Str/Int -1)
                  | [potion of mutation]
  2323 | D:3      | Gained mutation: You have a pair of small horns on your
                  | head. [potion of mutation]
  2323 | D:3      | Gained mutation: Your flesh is heat resistant. (rF+)
                  | [potion of mutation]
  2563 | D:4      | Gained mutation: Your demonic aura sometimes causes spilled
                  | blood to erupt in flames. [demonic ancestry]
  2563 | D:4      | Reached XP level 4. HP: 6/35 MP: 4/4
  2663 | D:4      | Reached skill level 5 in Polearms
  2683 | D:4      | Found an iron altar of Okawaru.
  2686 | D:4      | Found an ornate altar of the Wu Jian Council.
  2724 | D:4      | HP: 1/35 [acid (7)]
  2725 | D:4      | Slain by a jelly

Illustrated notes

Levels and vault maps discovered:
D:1:      saegor_arrival_simple_d, layout_loops_ring,
          shapermc_ecumenical_altar_mp_ritualfount, minivault_19,
          roderic_three_in_a_row, st_stairs_14
D:2:      layout_basic
D:3:      layout_basic, kennysheep_orc_sif_temple
D:4:      layout_rooms, nicolae_overflow_squiral, lemuel_tele_altar

Skill      XL: |  1  2  3  4 |
---------------+-------------+-----
Polearms       | 3 4 5 |  5.0
Fighting       | |  3.0
Dodging        | |  2.6

Action                     |  1- 3 |  4- 6 || total
---------------------------+-------+-------++-------
  Melee: Spear             |   188 |    15 ||   203
         Headbutt          |     7 |     5 ||    12
    Use: Potion            |     3 |     1 ||     4
         Scroll            |     6 |       ||     6
   Stab: Sleeping          |     1 |       ||     1
 Armour: Robe              |    26 |       ||    26
  Dodge: Dodged            |    92 |     7 ||    99

Table legend: (Time is in decaauts)
 A = Elapsed time spent in this place.
 B = Non-inter-level travel time spent in this place.
 C = Inter-level travel time spent in this place.
 D = Time resting spent in this place.
 E = Time spent auto-exploring this place.
 F = Levels seen in this place.
 G = Mean time per level.
                   A        B        C        D        E       F      G
               +--------+--------+--------+--------+--------+-----+--------+
         Total |   2712 |   2672 |     40 |      0 |   2279 |   4 |  678.0 |
       Dungeon |   2712 |   2672 |     40 |      0 |   2279 |   4 |  678.0 |
               +--------+--------+--------+--------+--------+-----+--------+

Top non-repeatable levels by time:
     D:3: 1020 daAuts
     D:1: 863 daAuts
     D:2: 612 daAuts
     D:4: 216 daAuts
